 Dungeon Crawl Stone Soup version 0.24.0-1-gfbc8707122 (webtiles) character file.

Game seed: 16187927643274724631, levelgen mode: deterministic

134 MisterOstroum the Skirmisher (level 5, -10/42 HPs)
             Began as a Merfolk Enchanter on Oct 26, 2019.
             Mangled by an ogre
             ... wielding a +0 giant spiked club
              (24 damage)
             ... on level 4 of the Dungeon.
             The game lasted 00:10:45 (4815 turns).

MisterOstroum the Skirmisher (Merfolk Enchanter)    Turns: 4815, Time: 00:10:45

Health: -10/42     AC:  2    Str:  9    XL:     5   Next: 17%
Magic:  8/8        EV: 13    Int: 14    God:
Gold:   174        SH:  0    Dex: 15    Spells: 2/8 levels left

rFire    . . .     SeeInvis .   r - +0 trident
rCold    . . .     Gourm    .   (no shield)
rNeg     . . .     Faith    .   f - +0 robe
rPois    .         Spirit   .   (no helmet)
rElec    .         Reflect  .   (no cloak)
rCorr    .         Harm     .   (no gloves)
MR       .....                  (no boots)
Stlth    ++........             (no amulet)
HPRegen  0.14/turn              (no ring)
MPRegen  0.11/turn              (no ring)

@: no status effects
A: change form in water, swift swim, stealthy swim
a: no special abilities


You were on level 4 of the Dungeon.
You were not hungry.

You visited 1 branch of the dungeon, and saw 5 of its levels.

You collected 174 gold pieces.

Inventory:

Hand Weapons
 a - a +2 dagger of speed
 b - a +0 spear
 r - a +0 trident (weapon)
Missiles
 g - 80 stones (quivered)
Armour
 f - a +0 robe (worn)
 s - a +0 ring mail
Jewellery
 t - a cursed -3 ring of evasion {unknown}
Scrolls
 c - 4 scrolls of identify {unknown}
 h - 2 scrolls of blinking {unknown}
 m - a scroll of fog {unknown}
 n - a scroll of fear {unknown}
 o - 2 scrolls of remove curse {unknown}
 p - 2 scrolls of enchant armour {unknown}
 v - a scroll of noise {unknown}
Potions
 d - a potion of heal wounds {unknown}
 i - a potion of magic {unknown}
 j - a potion of brilliance {unknown}
 k - 2 potions of curing {unknown}
 l - 2 potions of lignification {unknown}
 u - a potion of flight {unknown}
Comestibles
 e - a ration


   Skills:
 * Level 3.9 Fighting
 - Level 1.2 Short Blades
 * Level 3.9 Polearms
 + Level 2.8 Dodging
 - Level 3.2 Stealth
 - Level 2.0 Spellcasting
 - Level 3.0 Hexes


You had 2 spell levels left.
You knew the following spells:

 Your Spells              Type           Power        Failure   Level  Hunger
a - Corona                Hex            #......      7%          1    ##.....
b - Ensorcelled Hibernat  Hex/Ice        #.....       19%         2    ###....
c - Confuse               Hex            #.......     21%         3    ####...

Your spell library contained the following spells:

 Spells                   Type           Power        Failure   Level  Hunger
 Tukima's Dance           Hex            #.......     21%         3    ####...
 Dazzling Spray           Conj/Hex       #.....       36%         3    ####...


Dungeon Overview and Level Annotations

Branches:
Dungeon (5/15)
 Temple: D:4-7

Altars:
Nemelex Xobeh

Annotations:
D:2 1 runed translucent door, exclusions: 2 adders, door, hippogriff and worm, Crazy Yiuf
D:3 exclusions: 4 adders and goblin
D:4 Pikel


Message History

Aim: a crimson imp (lightly wounded, chance to defeat MR: 24%)
Okay, then.
Unknown command.
Casting: Confuse (safe; 21% risk of failure)
Confirm with . or Enter, or press ? or * to list all spells.
Aiming: Corona (safe; 7% risk of failure)
Press: ? - help, Shift-Dir - straight line, f/p - crimson imp
Aim: a crimson imp (lightly wounded, chance to defeat MR: 27%)
The crimson imp resists with some effort.
Attack whom?
Press: ? - help, Dir - move target cursor, f/p - crimson imp
Aim: a crimson imp (lightly wounded)
You reach to attack!
You barely miss the crimson imp.
The crimson imp is lightly wounded.
You barely miss the crimson imp.
The crimson imp blinks!
There is a stone staircase leading up, spattered with blood here.
The crimson imp blinks!
You climb upwards.
Level annotation: Pikel
There is a stone staircase leading down here.
You start resting.
Eating a chunk of flesh.
You eat the chunk of flesh.
This raw flesh tastes terrible.
The ogre is too close now for your liking.
You climb downwards.
You hear the sound of rushing water.
There is an entrance to a sewer on this level.
Hurry and find it before the portal rusts away!
You hear the slow rusting of a drain nearby.
The crimson imp lashes its tail.
The crimson imp hits you. x2
There is a stone staircase leading up, spattered with blood here.
Unknown command.
You closely miss the crimson imp. The crimson imp barely misses you.
Unknown command.
You miss the crimson imp.
The crimson imp blinks!
Attack whom?
Press: ? - help, Dir - move target cursor, f - crimson imp
Aim: a crimson imp You reach to attack!
You hit the crimson imp but do no damage.
There is a stone staircase leading up, spattered with blood here.
The crimson imp hits you.
You open the door.
The crimson imp hits you but does no damage.
There is an open door here.
The crimson imp blinks!
You close the door.
A crimson imp opens the door.
You close the door.
A crimson imp opens the door.
You close the door.
A crimson imp opens the door.
You close the door.
A crimson imp opens the door.
You close the door.
A crimson imp opens the door.
You close the door.
A crimson imp opens the door.
You close the door.
A crimson imp opens the door.
You close the door.
A crimson imp opens the door.
You close the door.
A crimson imp opens the door.
You close the door.
A crimson imp opens the door.
A rat comes into view.
You close the door.
A gnoll sergeant comes into view. It is wielding a +0 spear.
A crimson imp opens the door.
You close the door.
A crimson imp opens the door.
You close the door.
The gnoll sergeant shouts!
You hear a shout!
A crimson imp opens the door.
You close the door.
The rat bites you.
A crimson imp opens the door.
You close the door.
The rat bites you.
A crimson imp opens the door.
Unknown command.
The crimson imp shouts, "Out, out, thou paunchy earth-vexing gudgeon!"
The crimson imp hits you.
There is an open door, spattered with blood here.
The crimson imp hits you.
You see here a rat corpse.
The crimson imp hits you.
There is a stone staircase leading up, spattered with blood here.
The rat bites you.
The crimson imp blinks!
You climb upwards.
Level annotation: Pikel
There is a stone staircase leading down here.
Unknown command.
Unknown command.
The rat bites you. The crimson imp misses you. The rat closely misses you.
The rat twitches its whiskers.
The crimson imp blinks!
The crimson imp hits you.
* * * LOW HITPOINT WARNING * * *
You puncture the rat!
You kill the rat!
The crimson imp hits you.
* * * LOW HITPOINT WARNING * * *
You see here a rat corpse.
The crimson imp closely misses you.
The ogre shouts!
The crimson imp blinks!
Unknown command.
Unknown command.
The crimson imp closely misses you.
The ogre hits you with a +0 giant spiked club!!
Ouch! That really hurt!
You die...

#...<...#
####....#
#.##....##
#........#
#..O..#..##
#######...#
##..## ####...#
#.....@##
#....5O.#
#.......# ##
######..# .#
#############§##
.#
#.....†....##..#
.#
#.########.##..#
#####.# #.##..#
....#.# #....>#


You could see an ogre and a crimson imp.

Vanquished Creatures
  A centaur skeleton (D:4)
  A hound skeleton (D:4)
  A shadow imp (D:4)
  2 worms
  A dart slug (D:2)
  6 leopard geckos
  5 bats
  6 giant cockroaches
  5 goblins
  8 hobgoblins
  6 jackals
  4 kobolds
  5 quokkas
  2 ball pythons (D:1)
  4 frilled lizards
  8 rats
65 creatures vanquished.

Notes
Turn   | Place    | Note
-------+----------+-------------------------------------------
     0 | D:1      | MisterOstroum the Merfolk Enchanter began the quest for the
                  | Orb.
     0 | D:1      | Reached XP level 1. HP: 13/13 MP: 3/3
   182 | D:1      | Reached skill level 1 in Fighting
   469 | D:1      | Reached XP level 2. HP: 22/22 MP: 5/5
   473 | D:1      | Learned a level 2 spell: Ensorcelled Hibernation
  1345 | D:1      | Reached XP level 3. HP: 28/28 MP: 6/6
  1510 | D:2      | Reached skill level 1 in Polearms
  1664 | D:2      | Learned a level 3 spell: Confuse
  2334 | D:2      | Noticed a hippogriff
  2449 | D:2      | Found a runed translucent door.
  2450 | D:2      | Noticed Crazy Yiuf
  2541 | D:2      | Reached XP level 4. HP: 29/35 MP: 7/7
  3962 | D:4      | Noticed Pikel
  3962 | D:4      | Noticed a slave
  3962 | D:4      | Noticed a slave
  3962 | D:4      | Noticed a slave
  3962 | D:4      | Noticed a slave
  4392 | D:4      | Noticed an ogre
  4472 | D:4      | Reached XP level 5. HP: 28/42 MP: 6/8
  4681 | D:5      | Entered Level 5 of the Dungeon
  4692 | D:5      | Found a sparkling altar of Nemelex Xobeh.
  4815 | D:4      | Mangled by an ogre

Levels and vault maps discovered:
D:1:      lemuel_arrival_cross, layout_basic, supply_closet_lemuel,
          minmay_shallow_snake_nest
D:2:      layout_basic, uniq_crazy_yiuf_cottage
D:3:      layout_basic, first_ration
D:4:      layout_basic, kennysheep_little_box, uniq_pikel
D:5:      layout_gridville, lemuel_doored_altar,
          nemelex_xobeh_ov_fountains_minmay, gammafunk_ghost_split,
          portal_sewer_entry_a, uniq_sigmund

Skill      XL: |  1  2  3  4 |
---------------+-------------+-----
Fighting       | 1 2 3 |  3.9
Polearms       | 2 3 |  3.9
Short Blades   | |  1.2
Dodging        | |  2.8
Stealth        | |  3.2
Spellcasting   | |  2.0
Hexes          | |  3.0

Action                   |  1- 3 |  4- 6 || total
-------------------------+-------+-------++-------
Melee: Dagger            |    51 |    42 ||    93
       Spear             |   141 |    31 ||   172
       Trident           |       |    55 ||    55
Throw: Stone             |     2 |     3 ||     5
 Cast: Corona            |    12 |    10 ||    22
       Ensorcelled Hiber |     7 |     2 ||     9
 Stab: Sleeping          |    14 |     4 ||    18
  Eat: Chunk             |     6 |     5 ||    11
       Ration            |       |     1 ||     1
Armor: Robe              |    22 |    10 ||    32
Dodge: Dodged            |    76 |    73 ||   149
